 Dungeon Crawl Stone Soup version 0.26.1-11-gd32895ea62 (webtiles) character file.

Game seed: 14404685445837326867

96256 tardwrangler69 the Deadly Accurate (level 16, -5/136 HPs)
             Began as a Merfolk Gladiator on Apr 27, 2021.
             Was the Champion of Okawaru.
             Slain by a skeletal warrior
             ... wielding a +2 hand axe of electrocution
              (14 damage)
             ... on level 14 of the Dungeon.
             The game lasted 00:36:23 (33174 turns).

tardwrangler69 the Deadly Accurate (MfGl)          Turns: 33174, Time: 00:36:24

Health: -5/136     AC: 16    Str: 20    XL:     16   Next: 16%
Magic:  22/22      EV: 23    Int:  8    God:    Okawaru [******]
Gold:   2816       SH: 11    Dex: 20    Spells: 15/15 levels left

rFire    . . .     SeeInvis .   R - +0 demon trident (venom)
rCold    . . .     Faith    .   s - +0 buckler
rNeg     + . .     Spirit   .   G - +0 swamp dragon scales
rPois    +         Reflect  +   c - +1 helmet
rElec    .         Harm     .   e - +2 cloak
rCorr    .         Rampage  .   K - +0 pair of gloves of New Discoveries {rN+ Will- Dex+6 Stlth+}
Will     .....                  E - +0 pair of boots
Stlth    +++.......             P - amulet of reflection
HPRegen  0.32/turn              k - ring of stealth
MPRegen  0.18/turn              (no ring)

@: no status effects
A: change form in water, swift swim, stealthy swim, thin metallic scales 1,
clumsy 1
a: Renounce Religion, Heroism, Finesse


You were on level 14 of the Dungeon.
You worshipped Okawaru.
Okawaru was exalted by your worship.
You visited 2 branches of the dungeon, and saw 21 of its levels.

You collected 3139 gold pieces.
You spent 323 gold pieces at shops.

Inventory:

Hand Weapons
 a - a +1 trident
 w - a +2 vampiric trident
 R - a +0 demon trident of venom (weapon)
Missiles
 d - 6 throwing nets
 f - 112 poisoned darts
 v - 42 atropa-tipped darts
 x - 5 curare-tipped darts
 D - 22 javelins (quivered)
 W - 2 boomerangs of dispersal
 X - 4 silver javelins
 Y - 2 silver boomerangs
Armour
 c - a +1 helmet (worn)
 e - a +2 cloak (worn)
 m - a +1 leather armour of willpower
 r - the +3 leather armour of the Earth {Harm rC+}
   (You found it on level 11 of the Dungeon)

   It protects you from cold.
   It increases damage dealt and taken.
 s - a +0 buckler (worn)
 E - a +0 pair of boots (worn)
 G - +0 swamp dragon scales (worn)
 K - the +0 pair of gloves of New Discoveries (worn) {rN+ Will- Dex+6 Stlth+}
   (You bought it in a shop on level 12 of the Dungeon)

   It affects your dexterity (+6).
   It protects you from negative energy.
   It affects your willpower, your defense against some magical effects.
   It makes you more stealthy.
Jewellery
 k - a ring of stealth (left hand)
 J - an uncursed ring of protection from fire
 P - an amulet of reflection (around neck)
 T - an uncursed ring of ice
Wands
 l - a wand of acid (41)
Scrolls
 g - a scroll of immolation
 h - 5 scrolls of fog
 i - 10 scrolls of teleportation
 o - 15 scrolls of identify
 p - a scroll of enchant armour
 t - 4 scrolls of fear
 y - 7 scrolls of amnesia
 z - 5 scrolls of blinking
 I - 5 scrolls of remove curse
 N - 4 scrolls of magic mapping
 O - 5 scrolls of enchant weapon
 S - a scroll of vulnerability {unknown}
 Z - a scroll of summoning {unknown}
Potions
 b - 2 potions of heal wounds
 j - 4 potions of flight
 n - 8 potions of curing
 q - 4 potions of might
 u - 3 potions of attraction
 A - a potion of invisibility {unknown}
 B - a potion of degeneration {unknown}
 C - 2 potions of haste
 F - 3 potions of lignification
 H - 2 potions of brilliance {unknown}
 M - 4 potions of magic {unknown}
 Q - a potion of cancellation {unknown}
 V - a potion of mutation


   Skills:
 - Level 15.0 Fighting
 - Level 14.0 Polearms
 + Level 16.9 Throwing
 - Level 15.0 Dodging
 - Level 4.0 Shields
 - Level 9.0 Invocations


You had 15 spell levels left.
You didn't know any spells.
Your spell library contained the following spells:

 Spells                   Type           Power        Failure   Level
 Animate Skeleton         Necr           0%           58%         1
 Beastly Appendage        Tmut           0%           58%         1
 Corona                   Hex            0%           58%         1
 Pain                     Necr           0%           58%         1
 Shock                    Conj/Air       0%           58%         1
 Slow                     Hex            0%           75%         2
 Swiftness                Air            0%           75%         2
 Wereblood                Tmut           0%           75%         2
 Conjure Flame            Conj/Fire      0%           92%         3
 Inner Flame              Hex/Fire       0%           92%         3
 Mephitic Cloud           Conj/Pois/Air  0%           92%         3
 Portal Projectile        Hex/Tloc       0%           92%         3
 Spider Form              Tmut/Pois      0%           92%         3
 Vampiric Draining        Necr           0%           92%         3
 Animate Dead             Necr           0%           100%        4
 Cause Fear               Hex            0%           100%        4
 Ice Form                 Ice/Tmut       0%           100%        4
 Leda's Liquefaction      Hex/Erth       0%           100%        4
 Agony                    Necr           0%           100%        5
 Blade Hands              Tmut           0%           100%        5
 Bolt of Magma            Conj/Fire/Erth 0%           100%        5
 Freezing Cloud           Conj/Ice/Air   0%           100%        6
 Iron Shot                Conj/Erth      0%           100%        6
 Statue Form              Tmut/Erth      0%           100%        6
 Shatter                  Erth           0%           100%        9


Dungeon Overview and Level Annotations

Branches:
Dungeon (15/15)            Temple (0/1) D:6            Lair (6/6) D:11
 Shoals (0/4) Lair:4       Spider (0/4) Lair:3        Slime (0/5) Lair:5
    Orc (0/2) D:12         Vaults (0/5) D:13         Depths (0/5) D:15

Altars:
Cheibriados
Elyvilon
Fedhas
Gozag
Hepliaklqana
Kikubaaqudgha
Makhleb
Nemelex Xobeh
Okawaru
Qazlal
Ru
Trog
Uskayaw
Vehumet
Wu Jian
Yredelemnul
Beogh

Shops:
D:12 *!

Annotations:
D:6 3 runed translucent doors, TheGreatAnchovy's ghost, novice HaHu
D:12 2 transporters, Tirrikindir's ghost, journeyman DrCj


Innate Abilities, Weirdness & Mutations

You revert to your normal form in water.
You are very nimble and swift while swimming.
You are very stealthy in the water. (Stealth+)
You are partially covered in thin metallic scales. (AC +2)
You are clumsy. (Dex -2)


Message History

You hit the skeletal warrior.
The skeletal warrior is moderately damaged.
The skeletal warrior hits you with a +2 hand axe of electrocution!
* * * LOW HITPOINT WARNING * * *
You puncture the skeletal warrior!
The skeletal warrior is heavily damaged.
You impale the skeletal warrior!!
The skeletal warrior is almost destroyed.
The skeletal warrior hits you with a +2 hand axe of electrocution!
* * * LOW HITPOINT WARNING * * *
You barely miss the skeletal warrior.
The skeletal warrior is almost destroyed.
The skeletal warrior hits you with a +2 hand axe of electrocution!
* * * LOW HITPOINT WARNING * * *
You closely miss the skeletal warrior.
The skeletal warrior is almost destroyed.
You hit the skeletal warrior but do no damage.
The skeletal warrior is almost destroyed.
The skeletal warrior hits you with a +2 hand axe of electrocution!
You die...

#..######.#..#.............#.# #.
#.........#..#...........#.#.###.
#^#######.#......................
#.# #.#............#.#....... ..#
#.#.#......)...#.#.#####.
#########.#.#..###.......#.# #.
..........#.#..###########.#####.
###########...><.......###.......
###..z@...#............
#######.#..#####.####
#.#........# #....#####.# ######
#.#### #...). ######


You could see a skeletal warrior.

Vanquished Creatures
  Jorgrun (D:15)
  Gastronok (Lair:3)
  Kirke (D:13)
  Nessos (Lair:4)
  Josephine (D:11)
  A fire dragon (Lair:6)
  Harold (D:8)
  3 vault guards (D:13)
  A catoblepas (D:12)
  7 hydras
  A boulder beetle (Lair:6)
  2 centaur warriors (D:14)
  2 death knights (D:14)
  3 two-headed ogres
  A vampire mage (D:15)
  4 tengu warriors
  7 death yaks
  A deep elf knight (D:13)
  Nergalle (Lair:3)
  3 skeletal warriors (D:14)
  A swamp dragon (Lair:6)
  2 wizards (D:13)
  A deep elf archer (D:13)
  3 orc knights
  2 oklob plants (Lair:3)
  A deep elf mage (D:13)
  14 ugly things
  5 manticores
  A wolf spider (Lair:6)
  An orb spider (Lair:3)
  3 cyclopes
  22 elephants
  A guardian serpent (D:14)
  A black mamba (Lair:4)
  2 centaur zombies
  10 cane toads
  A torpor snail (Lair:5)
  A spriggan zombie (D:15)
  Psyche (D:8)
  A centaur skeleton (D:14)
  2 gargoyles
  A freezing wraith (D:14)
  3 rime drakes
  14 komodo dragons
  A yaktaur (D:13)
  2 ice devils (D:12)
  An efreet (D:14)
  A tengu conjurer (D:14)
  2 queen bees (shapeshifter)
  11 polar bears
  A troll (D:13)
  A raiju (Lair:6)
  A snapping turtle (Lair:4)
  15 dream sheep
  11 blink frogs
  A meliai zombie (D:13)
  An ettin skeleton (D:15)
  A vampire (D:12)
  5 wyverns
  7 wraiths
  4 basilisks
  A hog (D:13)
  A human (D:13)
  3 steam dragons
  45 yaks
  6 vampire mosquitoes (D:14)
  6 wargs (Lair:6)
  14 hell hounds (Lair:6)
  3 acid dragons
  15 water moccasins
  7 ice beasts
  5 orc warriors
  3 phantoms
  4 sky beasts
  12 black bears
  An ogre (D:12)
  A necrophage (D:5)
  38 wolves
  4 centaurs
  A big kobold (D:9)
  23 bullfrogs
  A wyvern zombie (D:10)
  A wyvern skeleton (D:13)
  6 scorpions
  4 killer bees (D:8)
  3 wights (D:13)
  A howler monkey (D:6)
  2 bullfrog zombies
  A quasit (D:11)
  4 jellies
  Crazy Yiuf (D:2)
  5 orc priests
  3 bullfrog skeletons
  6 hounds
  10 orc wizards
  10 iguanas
  12 worker ants
  2 killer bee zombies
  3 bullfrog simulacra (D:12)
  A hound zombie (D:5)
  A hound skeleton (D:4)
  2 worker ant zombies
  A howler monkey skeleton (D:5)
  10 adders
  8 gnolls
  2 shadow imps
  5 white imps
  6 ufetubi
  4 oozes
  A worm (D:2)
  2 adder skeletons
  2 dart slugs
  11 leopard geckos
  50 orcs
  15 bats
  5 giant cockroaches
  5 goblins
  8 hobgoblins
  9 jackals
  12 kobolds
  3 quokkas
  7 frilled lizards
  A jackal zombie (D:8)
  2 leopard gecko skeletons (D:4)
  2 quokka zombies
  8 rats
654 creatures vanquished.

Vanquished Creatures (others)
  A wizard (D:7)
  A rime drake (Lair:6)
  2 humans (D:13)
  An acid dragon (Lair:6)
  21 fungi
  57 plants
  4 withered plants (D:15)
87 creatures vanquished.

Grand Total: 741 creatures vanquished

Notes
Turn   | Place    | Note
-------+----------+-------------------------------------------
     0 | D:1      | tardwrangler69 the Merfolk Gladiator began the quest for
                  | the Orb.
     0 | D:1      | Reached XP level 1. HP: 16/16 MP: 1/1
   300 | D:1      | Reached skill level 5 in Polearms
   300 | D:1      | Reached XP level 2. HP: 19/23 MP: 2/2
   870 | D:1      | Reached XP level 3. HP: 28/28 MP: 3/3
  1540 | D:2      | Reached XP level 4. HP: 35/35 MP: 4/4
  1617 | D:2      | Found a radiant altar of Vehumet.
  2091 | D:2      | Found a runed translucent door.
  2092 | D:2      | Noticed Crazy Yiuf
  2126 | D:2      | Found an iron altar of Okawaru.
  2128 | D:2      | Found a basalt altar of Yredelemnul.
  2141 | D:2      | Became a worshipper of Warmaster Okawaru
  2456 | D:2      | Gained mutation: You are clumsy. (Dex -2) [potion of
                  | mutation]
  2456 | D:2      | Gained mutation: You are partially covered in thin metallic
                  | scales. (AC +2) [potion of mutation]
  2471 | D:2      | Paralysed by Crazy Yiuf for 5 turns
  2476 | D:2      | Killed Crazy Yiuf
  2477 | D:2      | Reached XP level 5. HP: 4/42 MP: 5/5
  3692 | D:3      | Found a sacrificial altar of Ru.
  3910 | D:4      | Found a snail-covered altar of Cheibriados.
  3936 | D:4      | Reached XP level 6. HP: 48/48 MP: 6/6
  4175 | D:4      | Noticed a phantom
  4204 | D:4      | Killed a phantom
  4459 | D:4      | Reached XP level 7. HP: 35/55 MP: 7/7
  4609 | D:4      | Reached skill level 5 in Fighting
  5163 | D:4      | Found a burning altar of Makhleb.
  5320 | D:5      | Entered Level 5 of the Dungeon
  5344 | D:5      | Reached * piety under Okawaru
  5345 | D:5      | Reached skill level 10 in Polearms
  5559 | D:5      | Found a hazy altar of Hepliaklqana.
  6160 | D:5      | Reached XP level 8. HP: 59/64 MP: 8/8
  6743 | D:6      | Found a staircase to the Ecumenical Temple.
  6897 | D:6      | Found a stormy altar of Qazlal.
  7032 | D:6      | Found a runed translucent gate.
  7041 | D:6      | Found a runed translucent gate.
  7041 | D:6      | Found a runed translucent gate.
  7098 | D:6      | Reached ** piety under Okawaru
  7123 | D:6      | Found an opulent altar of Gozag.
  7238 | D:6      | Reached skill level 1 in Shields
  7255 | D:6      | Noticed TheGreatAnchovy's ghost (novice HaHu)
  8032 | D:7      | Found a bloodstained altar of Trog.
  8308 | D:7      | Noticed a wizard
  8314 | D:7      | Killed a wizard
  8410 | D:7      | Found a blossoming altar of Fedhas.
  8419 | D:7      | Found an ancient bone altar of Kikubaaqudgha.
  8469 | D:7      | You fall into a shaft and drop 3 floors!
  8469 | D:10     | Entered Level 10 of the Dungeon
  8486 | D:10     | Reached XP level 9. HP: 72/72 MP: 9/9
  8643 | D:8      | Found a white marble altar of Elyvilon.
  8703 | D:8      | Noticed Harold
  8709 | D:8      | Paralysed by Harold for 3 turns
  8734 | D:8      | Paralysed by Harold for 3 turns
  8739 | D:8      | Killed Harold
  8739 | D:8      | Reached *** piety under Okawaru
  8997 | D:8      | Noticed Psyche
  9011 | D:8      | Killed Psyche
  9011 | D:8      | Received a gift from Okawaru
  9058 | D:8      | Reached **** piety under Okawaru
  9152 | D:8      | Reached XP level 10. HP: 83/83 MP: 10/10
  9236 | D:8      | Reached skill level 10 in Fighting
  9807 | D:8      | Found a hide-covered altar of Uskayaw.
  9807 | D:8      | Found a sparkling altar of Nemelex Xobeh.
 11216 | D:9      | Found an ornate altar of the Wu Jian Council.
 11288 | D:10     | Noticed a two-headed ogre
 11332 | D:10     | Reached ***** piety under Okawaru
 11379 | D:10     | Received a gift from Okawaru
 11547 | D:10     | Killed a two-headed ogre
 11547 | D:10     | Received a gift from Okawaru
 11548 | D:10     | Reached skill level 5 in Dodging
 11715 | D:10     | Reached XP level 11. HP: 97/97 MP: 11/11
 12363 | D:11     | Noticed Josephine
 12383 | D:11     | Killed Josephine
 13705 | D:11     | Reached skill level 1 in Invocations
 13814 | D:11     | Noticed an eight-headed hydra
 13822 | D:11     | Killed an eight-headed hydra
 13916 | D:11     | Noticed a seven-headed hydra
 13926 | D:11     | Killed a seven-headed hydra
 13926 | D:11     | Received a gift from Okawaru
 14349 | D:11     | Noticed a two-headed ogre
 14357 | D:11     | Killed a two-headed ogre
 14392 | D:11     | Got a crude leather armour
 14403 | D:11     | Identified the +3 leather armour of the Earth {Harm rC+}
                  | (You found it on level 11 of the Dungeon)
 14568 | D:11     | Found a staircase to the Lair.
 14663 | D:11     | Reached skill level 10 in Dodging
 14693 | D:12     | Noticed a cyclops
 14699 | D:12     | Killed a cyclops
 14700 | D:12     | Reached skill level 5 in Invocations
 14762 | D:12     | Noticed a catoblepas
 14783 | D:12     | Killed a catoblepas
 14885 | D:12     | Noticed a manticore
 14894 | D:12     | Reached XP level 12. HP: 105/105 MP: 16/16
 15205 | D:12     | Found Avvosm's Distillery.
 15222 | D:12     | HP: 5/105 [ogre/+0 giant club (27)]
 15498 | D:12     | Found Doitol's Assorted Antiques.
 15584 | D:12     | Found a roughly hewn altar of Beogh.
 15586 | D:12     | Found a staircase to the Orcish Mines.
 15625 | D:12     | Noticed a death yak
 15641 | D:12     | Killed a death yak
 15818 | D:12     | Found a transporter.
 15820 | D:12     | Identified the +10 great mace of Wisdom {elec, rF+ rN+}
 15820 | D:12     | Noticed a two-headed ogre
 15820 | D:12     | Noticed Tirrikindir's ghost (journeyman DrCj)
 15821 | D:12     | Noticed a two-headed ogre
 15823 | D:12     | Found a transporter.
 15825 | D:12     | Noticed a two-headed ogre
 15826 | D:12     | Noticed a two-headed ogre
 16778 | D:12     | Bought a pair of faintly humming gloves for 323 gold pieces
 16783 | D:12     | Identified the +0 pair of gloves of New Discoveries {rN+
                  | Will- Dex+6 Stlth+} (You bought it in a shop on level 12 of
                  | the Dungeon)
 16854 | Lair:1   | Entered Level 1 of the Lair of Beasts
 17654 | Lair:1   | Reached ****** piety under Okawaru
 18029 | Lair:2   | Received a gift from Okawaru
 18219 | Lair:2   | Reached XP level 13. HP: 101/111 MP: 19/19
 18632 | Lair:2   | Reached skill level 15 in Dodging
 18654 | Lair:2   | Reached skill level 3 in Throwing
 18749 | Lair:2   | Reached skill level 4 in Throwing
 18807 | Lair:2   | Reached skill level 5 in Throwing
 19251 | Lair:2   | Reached skill level 6 in Throwing
 19732 | Lair:3   | Received a gift from Okawaru
 19841 | Lair:3   | Reached skill level 7 in Throwing
 20013 | Lair:3   | Found a hole to the Spider Nest.
 20273 | Lair:3   | Noticed Gastronok
 20295 | Lair:3   | Killed Gastronok
 20512 | Lair:3   | Noticed Nergalle
 20525 | Lair:3   | Killed Nergalle
 20695 | Lair:3   | Reached skill level 8 in Throwing
 20863 | Lair:3   | Received a gift from Okawaru
 20909 | Lair:3   | Reached XP level 14. HP: 56/121 MP: 20/20
 21233 | Lair:4   | Noticed Nessos
 21255 | Lair:4   | Killed Nessos
 21473 | Lair:4   | Received a gift from Okawaru
 21474 | Lair:4   | Reached skill level 9 in Throwing
 21691 | Lair:4   | Found a staircase to the Shoals.
 21899 | Lair:4   | Reached skill level 15 in Fighting
 22699 | Lair:5   | Reached skill level 10 in Throwing
 22790 | Lair:5   | Received a gift from Okawaru
 22976 | Lair:5   | Found a staircase to the Slime Pits.
 23679 | Lair:6   | Entered Level 6 of the Lair of Beasts
 23689 | Lair:6   | Received a gift from Okawaru
 23699 | Lair:6   | Reached skill level 11 in Throwing
 23976 | Lair:6   | Received a gift from Okawaru
 24802 | Lair:6   | Reached skill level 12 in Throwing
 25011 | Lair:6   | Received a gift from Okawaru
 25336 | Lair:6   | Received a gift from Okawaru
 25549 | Lair:6   | Reached skill level 13 in Throwing
 25688 | Lair:6   | Reached XP level 15. HP: 54/129 MP: 21/21
 26193 | Lair:6   | Received a gift from Okawaru
 26224 | Lair:6   | Identified a scroll of acquirement
 26224 | Lair:6   | Acquired 1212 gold pieces
 26233 | Lair:6   | Identified the Collected Works on Aerial Ignition
 28719 | Lair:3   | Reached skill level 14 in Throwing
 29308 | D:13     | Noticed Kirke
 29330 | D:13     | Killed Kirke
 30211 | D:13     | Received a gift from Okawaru
 30580 | D:13     | Reached skill level 15 in Throwing
 30594 | D:13     | Found a gate to the Vaults.
 30652 | D:13     | Received a gift from Okawaru
 31552 | D:14     | Reached skill level 16 in Throwing
 31581 | D:14     | Received a gift from Okawaru
 31958 | D:14     | Found a sacrificial altar of Ru.
 32563 | D:13     | Reached XP level 16. HP: 136/136 MP: 22/22
 32833 | D:15     | Entered Level 15 of the Dungeon
 32860 | D:15     | Found a staircase to the Depths.
 32888 | D:15     | Received a gift from Okawaru
 33066 | D:15     | Noticed Jorgrun
 33081 | D:15     | Killed Jorgrun
 33174 | D:14     | Slain by a skeletal warrior

Illustrated notes

Levels and vault maps discovered:
D:1:      psy_arrival_terrarium, layout_basic, serial_corexii_hall,
          corexii_hall_statues_x, chequers_hall_statues_y
D:2:      layout_basic, vehumet_crystals, grunt_temple_overflow_open,
          uniq_crazy_yiuf_cottage
D:3:      layout_loops_ring, marbit_many_paths
D:4:      minmay_polygon_palace, layout_layer_cave, cheibriados_altar_2,
          makhleb_blood_cavern_becter
D:5:      layout_basic, lemuel_crystal_altar
D:6:      layout_loops_corners, nicolae_overflow_crystal_walls,
          general_overflow_altar, temple_pool_b, gammafunk_ghost_icy
D:7:      layout_loops_ring, lemuel_round_altar, nicolae_overflow_hidden_temple,
          minmay_misc_feat_plants, trog_wizard
D:8:      layout_loops_ring, amethyst_overflow_temple_binary, elyvilon_altar_5,
          uniq_psyche, uniq_harold
D:9:      layout_irregular_city, kennysheep_mini, minmay_misc_feat_secret_circle
D:10:     layout_irregular_city
D:11:     layout_loops_corners, lair_entry_dummy, uniq_josephine
D:12:     wad_crossroads, layout_basic, david_orc_5, serial_shops,
          nicolae_shop_temple_entry_statues_fountains, shop,
          gammafunk_ghost_smash, serial_ice, serial_ice_m, serial_ice_b,
          serial_ice_c, serial_ice_k, serial_ice_e, serial_ice_o, serial_ice_n,
          serial_ice_g, serial_ice_h, serial_ice_d,
          portal_ice_cave_demonic_guard
D:13:     layout_basic, grunt_vaults_entry_fortified, uniq_kirke
D:14:     layout_basic, lemuel_round_altar, fake_guardian_serpent_vault
D:15:     gammafunk_depths_entry_grave, layout_loops_ring, serial_shops,
          nicolae_shop_waterfront, lemuel_mausoleum_altar_yredelemnul,
          minmay_guarded_unrand_tortoise, uniq_jorgrun
Lair:1:   layout_regular_city
Lair:2:   cheibrodos_lair_river_kwai, layout_regular_city,
          infiniplex_staircase_pool_2
Lair:3:   nzn_winding_woodlands_small [nzn_winding_woodlands_5x15_jagged,
          nzn_winding_woodlands_center_pierced_h,
          nzn_winding_woodlands_5x15_cabin], layout_chaotic_city,
          nicolae_spider_entry_orb_guardian, uniq_gastronok, uniq_nergalle
Lair:4:   layout_misc_corridors, minmay_shoals_entry_hut,
          chequers_serial_rivers_small_a, grunt_megastairs_3,
          lemuel_fruit_fields, uniq_nessos
Lair:5:   layout_regular_city, slime_dummy
Lair:6:   guppyfry_lair_end_dragon, layout_gridlike,
          hangedman_lair_caniforms_friends, grunt_megastairs_5

Skill      XL: |  1  2  3  4  5  6  7  8  9 10 11 12 13 14 15 |
---------------+----------------------------------------------+-----
Polearms       | 5 6 7 8 9 11 12 14 | 14.0
Fighting       | 3 4 5 7 9 12 13 14 15 | 15.0
Shields        | 2 4 |  4.0
Dodging        | 5 10 14 15 | 15.0
Invocations    | 5 9 |  9.0
Throwing       | 8 13 16 | 16.9

Action                   |  1- 3 |  4- 6 |  7- 9 | 10-12 | 13-15 | 16-18 || total
-------------------------+-------+-------+-------+-------+-------+-------++-------
Melee: Trident           |   112 |   233 |   488 |   999 |  1019 |       ||  2851
       Glaive            |       |       |       |    21 |       |       ||    21
       Tailslap          |       |       |       |     3 |    24 |       ||    27
       Demon trident     |       |       |       |       |  1148 |   126 ||  1274
Invok: Heroism           |       |       |     2 |    16 |    20 |     1 ||    39
       Finesse           |       |       |       |       |     6 |     1 ||     7
  Use: Potion            |       |     7 |     2 |     1 |     4 |       ||    14
       Scroll            |       |     8 |     5 |     3 |     4 |       ||    20
 Stab: Sleeping          |     1 |       |       |     3 |    14 |       ||    18
       Invisible         |       |     2 |       |       |       |       ||     2
       Petrified         |       |       |       |     5 |       |       ||     5
       Distracted        |       |       |       |     1 |     5 |       ||     6
Armor: Leather armour    |    30 |    64 |       |   105 |   191 |       ||   390
       Skin              |       |    13 |       |       |       |       ||    13
       Ring mail         |       |    15 |    97 |    74 |       |       ||   186
       Swamp dragon scal |       |       |       |       |    55 |    23 ||    78
Dodge: Dodged            |    81 |   132 |   135 |   540 |  1357 |    52 ||  2297
Block: Buckler           |       |       |    32 |   159 |   755 |    36 ||   982
       Reflection        |       |       |       |       |    21 |     4 ||    25
